3R
GIBTOWN ELEPHANTS @ ATHLETIC CLUB KC U-21
07/20/2038
 
TOP OF THE 1ST
Gibtown Elephants batting - Pitching for Athletic Club KC U-21 : LHP Larry Brown
Pitching: LHP Larry Brown
Batting: RHB Guillermo Alemán 0-0: Ball
1-0: Ball
2-0: Called Strike
2-1: Foul Ball, location: 2F
2-2: Strikes out looking
Batting: SHB Christian Cole 0-0: Ball
1-0: Called Strike
1-1: Swinging Strike
1-2: Strikes out swinging
Batting: RHB Joe Frank 0-0: Called Strike
0-1: Ball
1-1: Ball
2-1: Foul Ball, location: 2F
2-2: Strikes out swinging
Top of the 1st over - 0 runs, 0 hits, 0 errors, 0 left on base; Gibtown 0 - Athletic Club KC 0
BOTTOM OF THE 1ST
Athletic Club KC U-21 batting - Pitching for Gibtown Elephants : RHP Vicente Molina
Pitching: RHP Vicente Molina
Batting: SHB Gary Hopkins 0-0: Foul Ball, location: 2F
0-1: Foul Ball, location: 2F
0-2: Strikes out swinging
Batting: RHB Germain Bedeschi 0-0: Called Strike
0-1: Ball
1-1: Foul Ball, location: 2F
1-2: Strikes out swinging, 2-3 out at first.
Batting: LHB Bruce Simpson 0-0: Called Strike
0-1: Called Strike
0-2: Ground out 1-3 (Groundball, 13S, EV 63.8 MPH)
Bottom of the 1st over - 0 runs, 0 hits, 0 errors, 0 left on base; Gibtown 0 - Athletic Club KC 0
TOP OF THE 2ND
Gibtown Elephants batting - Pitching for Athletic Club KC U-21 : LHP Larry Brown
Batting: RHB Virgil Guldenmond 0-0: Called Strike
0-1: Swinging Strike
0-2: Ball
1-2: DOUBLE (Line Drive, 89D, EV 105.6 MPH)
Batting: LHB Jeff McNeice 0-0: Ground out 5-3 (Groundball, 56S, EV 85.6 MPH)
Batting: LHB Jorge Cruz 0-0: Called Strike
0-1: Foul Ball, location: 2F
0-2: Strikes out swinging
Batting: LHB Diego Moreno 0-0: Called Strike
0-1: SINGLE (Flyball, 89S, EV 94.4 MPH)
Virgil Guldenmond to third
Batting: RHB Colton Pennington 0-0: Foul Ball, location: 2F
0-1: Ball
1-1: Foul Ball, location: 2F
1-2: Foul Ball, location: 2F
1-2: Strikes out swinging
Top of the 2nd over - 0 runs, 2 hits, 0 errors, 2 left on base; Gibtown 0 - Athletic Club KC 0
BOTTOM OF THE 2ND
Athletic Club KC U-21 batting - Pitching for Gibtown Elephants : RHP Vicente Molina
Batting: LHB Rafael Padilla 0-0: Ball
1-0: Ball
2-0: Called Strike
2-1: Foul Ball, location: 2F
2-2: Fly out, F9 (Flyball, 89M, EV 78.8 MPH)
Batting: LHB Ted Reed 0-0: Ball
1-0: Foul Ball, location: 2F
1-1: Swinging Strike
1-2: Ground out 5-3 (Groundball, 56S, EV 72.5 MPH)
Batting: RHB Vicente Abascal 0-0: Swinging Strike
0-1: Ball
1-1: Foul Ball, location: 2F
1-2: Strikes out looking
Bottom of the 2nd over - 0 runs, 0 hits, 0 errors, 0 left on base; Gibtown 0 - Athletic Club KC 0
TOP OF THE 3RD
Gibtown Elephants batting - Pitching for Athletic Club KC U-21 : LHP Larry Brown
Batting: LHB Dan Quintana 0-0: Ball
1-0: Bunted foul
1-1: Foul Ball, location: 2F
1-2: TRIPLE (Groundball, 3L, EV 111.2 MPH)
Batting: RHB Guillermo Alemán 0-0: Foul Ball, location: 2F
0-1: Ball
Wild Pitch!
Dan Quintana scores
1-1: Ball
2-1: Foul Ball, location: 2F
2-2: Ground out 5-3 (Groundball, 56, EV 85.0 MPH)
Batting: SHB Christian Cole 0-0: Swinging Strike
0-1: Swinging Strike
0-2: Ball
1-2: Ball
2-2: Foul Ball, location: 2F
2-2: Single, Error in OF, E7, batter to second base (Line Drive, 78M, EV 90.0 MPH)
Batting: RHB Joe Frank 0-0: Fly out, F8 (Flyball, 89S, EV 73.1 MPH)
Batting: RHB Virgil Guldenmond 0-0: Ball
1-0: Called Strike
1-1: Fly out, F8 (Flyball, 8RM, EV 91.9 MPH)
Top of the 3rd over - 1 run, 2 hits, 1 error, 1 left on base; Gibtown 1 - Athletic Club KC 0
BOTTOM OF THE 3RD
Athletic Club KC U-21 batting - Pitching for Gibtown Elephants : RHP Vicente Molina
Batting: RHB Palmer Rogers 0-0: Called Strike
0-1: Ball
1-1: Foul Ball, location: 2F
1-2: Foul Ball, location: 2F
1-2: Foul Ball, location: 2F
1-2: Strikes out swinging
Batting: RHB Tim Hendricks 0-0: Ball
1-0: Foul Ball, location: 2F
1-1: Foul Ball, location: 2F
1-2: Ball
2-2: Strikes out swinging
Batting: LHB Yee Ci 0-0: Ball
1-0: Fly out, F8 (Flyball, 8RM, EV 81.2 MPH)
Bottom of the 3rd over - 0 runs, 0 hits, 0 errors, 0 left on base; Gibtown 1 - Athletic Club KC 0
TOP OF THE 4TH
Gibtown Elephants batting - Pitching for Athletic Club KC U-21 : LHP Larry Brown
Batting: LHB Jeff McNeice 0-0: Swinging Strike
0-1: Ball
1-1: Foul Ball, location: 2F
1-2: Foul Ball, location: 2F
1-2: Ball
2-2: Foul Ball, location: 2F
2-2: Fly out, F9 (Flyball, 9, EV 88.8 MPH)
Batting: LHB Jorge Cruz 0-0: Ball
1-0: Ball
2-0: Ground out 5-3 (Groundball, 56, EV 83.8 MPH)
Batting: LHB Diego Moreno 0-0: Ball
1-0: Foul Ball, location: 2F
1-1: Ball
2-1: Foul Ball, location: 2F
2-2: Ball
3-2: Base on Balls
Batting: RHB Colton Pennington 0-0: Ball
1-0: Swinging Strike
1-1: Fielders Choice at 2nd, 5-4 (Groundball, 56, EV 105.6 MPH)
Top of the 4th over - 0 runs, 0 hits, 0 errors, 1 left on base; Gibtown 1 - Athletic Club KC 0
BOTTOM OF THE 4TH
Athletic Club KC U-21 batting - Pitching for Gibtown Elephants : RHP Vicente Molina
Batting: SHB Gary Hopkins 0-0: Foul Ball, location: 2F
0-1: Ground out 6-3 (Groundball, 6, EV 99.4 MPH)
Batting: RHB Germain Bedeschi 0-0: Swinging Strike
0-1: Ball
1-1: SINGLE (Line Drive, 78M, EV 108.8 MPH)
Batting: LHB Bruce Simpson 0-0: Ball
1-0: Foul Ball, location: 2F
1-1: Ball
2-1: Grounds into double play, 1-6-3 (Groundball, 34S, EV 89.4 MPH)
Bottom of the 4th over - 0 runs, 1 hit, 0 errors, 0 left on base; Gibtown 1 - Athletic Club KC 0
TOP OF THE 5TH
Gibtown Elephants batting - Pitching for Athletic Club KC U-21 : LHP Larry Brown
Batting: LHB Dan Quintana 0-0: Ball
1-0: Called Strike
1-1: Foul Ball, location: 2F
1-2: SINGLE (Groundball, 3D, EV 99.4 MPH)
Batting: RHB Guillermo Alemán 0-0: Ball
1-0: Foul Ball, location: 2F
1-1: Swinging Strike
1-2: Strikes out swinging
Batting: SHB Christian Cole 0-0: Ball
1-0: Called Strike
1-1: Called Strike
1-2: Strikes out looking
Batting: RHB Joe Frank 0-0: Called Strike
0-1: Foul Ball, location: 2F
0-2: Ball
1-2: Ball
2-2: Foul Ball, location: 2F
2-2: Ball
3-2: Foul Ball, location: 2F
3-2: SINGLE (Groundball, 6MD, EV 94.4 MPH)
Dan Quintana to second
Dan Quintana to third
Pitching: RHP Roberto Días
Batting: RHB Virgil Guldenmond 0-0: Ball
1-0: Ball
2-0: Swinging Strike
2-1: DOUBLE (Line Drive, 9LM, EV 106.9 MPH)
Dan Quintana scores
Joe Frank to third
Batting: LHB Jeff McNeice 0-0: Foul Ball, location: 2F
0-1: Swinging Strike
0-2: Ball
1-2: Ground out 4-3 (Groundball, 34, EV 90.0 MPH)
Top of the 5th over - 1 run, 3 hits, 0 errors, 2 left on base; Gibtown 2 - Athletic Club KC 0
BOTTOM OF THE 5TH
Athletic Club KC U-21 batting - Pitching for Gibtown Elephants : RHP Vicente Molina
Batting: LHB Rafael Padilla 0-0: Called Strike
0-1: Called Strike
0-2: Strikes out looking
Batting: LHB Ted Reed 0-0: Swinging Strike
0-1: Ball
1-1: Foul Ball, location: 2F
1-2: Foul Ball, location: 2F
1-2: Ball
2-2: Foul Ball, location: 2F
2-2: Foul Ball, location: 2F
2-2: Foul Ball, location: 2F
2-2: Foul Ball, location: 2F
2-2: Ball
3-2: Foul Ball, location: 2F
3-2: Ground out 4-3 (Groundball, 4, EV 86.2 MPH)
Batting: RHB Vicente Abascal 0-0: Ball
1-0: Foul Ball, location: 2F
1-1: Ball
2-1: Foul Ball, location: 2F
2-2: Foul Ball, location: 2F
2-2: Ground out U3 (Groundball, 34, EV 82.5 MPH)
Bottom of the 5th over - 0 runs, 0 hits, 0 errors, 0 left on base; Gibtown 2 - Athletic Club KC 0
TOP OF THE 6TH
Gibtown Elephants batting - Pitching for Athletic Club KC U-21 : RHP Roberto Días
Batting: LHB Jorge Cruz 0-0: Foul Ball, location: 2F
0-1: Foul Ball, location: 2F
0-2: Ball
1-2: Ball
2-2: Strikes out swinging
Batting: LHB Diego Moreno 0-0: Swinging Strike
0-1: Fly out, F6 (Popup, 6MD, EV 51.2 MPH)
Batting: RHB Colton Pennington 0-0: Ball
1-0: Called Strike
1-1: SINGLE (Line Drive, 56D, EV 105.0 MPH)
Batting: LHB Dan Quintana 0-0: Called Strike
0-1: Ball
1-1: Ball
2-1: Foul Ball, location: 2F
2-2: Foul Ball, location: 2F
2-2: SINGLE (Line Drive, 56D, EV 105.6 MPH)
Colton Pennington to second
Batting: RHB Guillermo Alemán 0-0: Foul Ball, location: 2F
0-1: Ball
1-1: Ball
2-1: Fly out, F7 (Flyball, 7D, EV 103.8 MPH)
Top of the 6th over - 0 runs, 2 hits, 0 errors, 2 left on base; Gibtown 2 - Athletic Club KC 0
BOTTOM OF THE 6TH
Athletic Club KC U-21 batting - Pitching for Gibtown Elephants : RHP Vicente Molina
Batting: RHB Palmer Rogers 0-0: Foul Ball, location: 2F
0-1: Foul Ball, location: 2F
0-2: Strikes out looking
Batting: RHB Tim Hendricks 0-0: Fly out, F9 (Flyball, 89M, EV 82.5 MPH)
Batting: LHB Yee Ci 0-0: Called Strike
0-1: Ball
1-1: Foul Ball, location: 2F
1-2: Foul Ball, location: 2F
1-2: Strikes out swinging
Bottom of the 6th over - 0 runs, 0 hits, 0 errors, 0 left on base; Gibtown 2 - Athletic Club KC 0
TOP OF THE 7TH
Gibtown Elephants batting - Pitching for Athletic Club KC U-21 : RHP Roberto Días
Batting: SHB Christian Cole 0-0: Ground out 6-3 (Groundball, 6, EV 79.4 MPH)
Batting: RHB Joe Frank 0-0: Called Strike
0-1: Ball
1-1: Ball
2-1: Ball
3-1: Swinging Strike
3-2: Base on Balls
Batting: RHB Virgil Guldenmond 0-0: Called Strike
0-1: Foul Ball, location: 2F
0-2: Fielders Choice at 2nd, 1-6 (Groundball, 13S, EV 67.5 MPH)
Batting: LHB Jeff McNeice 0-0: Ball
1-0: Called Strike
1-1: Foul Ball, location: 2F
1-2: Strikes out swinging
Top of the 7th over - 0 runs, 0 hits, 0 errors, 1 left on base; Gibtown 2 - Athletic Club KC 0
BOTTOM OF THE 7TH
Athletic Club KC U-21 batting - Pitching for Gibtown Elephants : RHP Vicente Molina
Batting: SHB Gary Hopkins 0-0: Ball
1-0: Ball
2-0: Called Strike
2-1: Swinging Strike
2-2: Ball
3-2: Foul Ball, location: 2F
3-2: Base on Balls
Batting: RHB Germain Bedeschi 0-0: Called Strike
0-1: Ball
Gary Hopkins is caught stealing 2nd base 2-4
1-1: Ball
2-1: Ball
3-1: DOUBLE (Line Drive, 9LM, EV 96.9 MPH)
Batting: LHB Bruce Simpson 0-0: Foul Ball, location: 2F
0-1: Ball
1-1: Called Strike
1-2: Ball
2-2: SINGLE (Groundball, 6MD, EV 103.8 MPH)
Germain Bedeschi to third
Runner from 3rd tries for Home, SAFE, throw by CF to home
Batting: LHB Rafael Padilla 0-0: Called Strike
0-1: Foul Ball, location: 2F
0-2: Ball
1-2: Ground out 5-3 (Groundball, 56, EV 99.4 MPH)
Bruce Simpson to second
Batting: LHB Ted Reed 0-0: Called Strike
0-1: Called Strike
0-2: Ball
1-2: Foul Ball, location: 2F
1-2: Ball
2-2: Ball
3-2: Ground out U3 (Groundball, 3, EV 91.9 MPH)
Bottom of the 7th over - 1 run, 2 hits, 0 errors, 1 left on base; Gibtown 2 - Athletic Club KC 1
TOP OF THE 8TH
Gibtown Elephants batting - Pitching for Athletic Club KC U-21 : RHP Roberto Días
Batting: LHB Jorge Cruz 0-0: Ball
1-0: Ball
2-0: Ball
3-0: Called Strike
3-1: Base on Balls
Batting: LHB Diego Moreno 0-0: Fly out, F8 (Flyball, 8RD, EV 96.2 MPH)
Batting: RHB Colton Pennington 0-0: Called Strike
0-1: Ball
1-1: Foul Ball, location: 2F
1-2: Strikes out swinging
Batting: LHB Dan Quintana 0-0: Ground out U3 (Groundball, 3L, EV 81.2 MPH)
Top of the 8th over - 0 runs, 0 hits, 0 errors, 1 left on base; Gibtown 2 - Athletic Club KC 1
BOTTOM OF THE 8TH
Athletic Club KC U-21 batting - Pitching for Gibtown Elephants : RHP Vicente Molina
Pitching: RHP Graeme Clark
Batting: RHB Vicente Abascal 0-0: Called Strike
0-1: Foul Ball, location: 2F
0-2: Ball
1-2: Fly out, F8 (Flyball, 89D, EV 103.1 MPH)
Batting: RHB Palmer Rogers 0-0: Ball
1-0: Foul Ball, location: 2F
1-1: Ball
2-1: Foul Ball, location: 2F
2-2: Foul Ball, location: 2F
2-2: Foul Ball, location: 2F
2-2: Ground out 6-3 (Groundball, 6, EV 103.1 MPH)
Batting: RHB Tim Hendricks 0-0: Reached on error, E6 (Groundball, 6, EV 101.2 MPH)
Pinch Hitting: RHB Kojuro Seki 0-0: Ball
1-0: Ground out 6-3 (Groundball, 6, EV 88.8 MPH)
Bottom of the 8th over - 0 runs, 0 hits, 1 error, 1 left on base; Gibtown 2 - Athletic Club KC 1
TOP OF THE 9TH
Gibtown Elephants batting - Pitching for Athletic Club KC U-21 : RHP Roberto Días
Now in RF: Mike Welch
Batting: RHB Guillermo Alemán 0-0: Called Strike
0-1: Swinging Strike
0-2: Strikes out swinging
Batting: SHB Christian Cole 0-0: Ball
1-0: SINGLE (Groundball, 34, EV 78.1 MPH) (infield hit)
Pitching: LHP Alex Adshead
Batting: RHB Joe Frank 0-0: Ball
1-0: Ball
2-0: Fly out, F9 (Flyball, 89D, EV 93.8 MPH)
Batting: RHB Virgil Guldenmond 0-0: Fly out, F8 (Flyball, 89XD, EV 90.6 MPH)
Top of the 9th over - 0 runs, 1 hit, 0 errors, 1 left on base; Gibtown 2 - Athletic Club KC 1
BOTTOM OF THE 9TH
Athletic Club KC U-21 batting - Pitching for Gibtown Elephants : RHP Graeme Clark
Batting: SHB Gary Hopkins 0-0: Called Strike
0-1: Foul Ball, location: 2F
0-2: Ball
1-2: Foul Ball, location: 2F
1-2: Ball
2-2: Ball
3-2: Foul Ball, location: 2F
3-2: Fly out, F8 (Flyball, 8LD, EV 106.2 MPH)
Batting: RHB Germain Bedeschi 0-0: Ground out 1-3 (Groundball, 34S, EV 68.8 MPH)
Batting: LHB Bruce Simpson 0-0: Ball
1-0: Called Strike
1-1: Foul Ball, location: 2F
1-2: Ball
2-2: Foul Ball, location: 2F
2-2: Hit by Pitch
Batting: LHB Rafael Padilla 0-0: Called Strike
0-1: Ball
1-1: Ball
2-1: Ball
3-1: Called Strike
3-2: 2-RUN HOME RUN (Flyball, 9LD, EV 99.4 MPH), Distance : 340 ft
Friday, April 17th, 2020 - OOTP Baseball 20.8 Build 74